 Dungeon Crawl Stone Soup version 0.28.0 (webtiles) character file.

Game seed: 11991273061843691757

33 Dani the Shield-Bearer (level 3, 0/33 HPs)
             Began as a Minotaur Fighter on Feb 20, 2022.
             Slain by a killer bee (5 damage)
             ... on level 4 of the Dungeon.
             The game lasted 00:01:26 (524 turns).

Dani the Shield-Bearer (Minotaur Fighter)            Turns: 524, Time: 00:01:27

Health: 0/33       AC:  8    Str: 22    XL:     3   Next: 12%
Magic:  2/2        EV:  9    Int:  5    God:
Gold:   12         SH:  4    Dex: 11    Spells: 2/2 levels left

rFire   . . .      SeeInvis .   a - +0 war axe
rCold   . . .      Faith    .   c - +0 buckler
rNeg    . . .      Spirit   .   b - +1 scale mail
rPois   .          Reflect  .   (helmet restricted)
rElec   .          Harm     .   (no cloak)
rCorr   .          Rampage  .   (no gloves)
Will    .....                   (no boots)
Stlth   ..........              (no amulet)
HPRegen 0.11/turn               (no ring)
MPRegen 0.08/turn               (no ring)

@: mighty, lethally poisoned (0 -> -8)
A: horns 2, retaliatory headbutt, agile 1, mutation resistance 1
a: no special abilities


You were on level 4 of the Dungeon.
You visited 1 branch of the dungeon, and saw 4 of its levels.

You collected 12 gold pieces.

Inventory:

Hand Weapons
 a - a +0 war axe (weapon)
Armour
 b - a +1 scale mail (worn)
 c - a +0 buckler (worn)
Scrolls
 i - a scroll of fear
 R - a scroll of identify {@r1}
Potions
 e - a potion of magic


   Skills:
 + Level 3.8 Fighting
 * Level 3.0 Axes
 + Level 3.8 Armour
 + Level 0.7 Dodging
 + Level 3.8 Shields
 + Level 0.6 Invocations
 + Level 0.7 Evocations


You had 2 spell levels left.
You didn't know any spells.
Your spell library contained the following spells:

 Spells                   Type           Power      Damage    Failure   Level
 Freeze                   Ice            0%         1d3       87%         1
 Frozen Ramparts          Ice            0%         1d2       99%         3
 Ignite Poison            Fire/Tmut/Pois 0%         N/A       99%         3
 Mephitic Cloud           Conj/Pois/Air  0%         N/A       99%         3
 Hailstorm                Conj/Ice       0%         3d3       100%        4
 Freezing Cloud           Conj/Ice/Air   0%         6-21      100%        5


Dungeon Overview and Level Annotations

Branches:
Dungeon (4/15)
 Temple: D:4-7

Altars:


Innate Abilities, Weirdness & Mutations

You have a pair of horns on your head.
You reflexively headbutt those who attack you in melee.
You are agile. (Dex +2)
You are somewhat resistant to further mutation.


Message History

You hit the adder.
You kill the adder!
You feel sick.
Your Axes skill increases to level 3!
No target in view!
No target in view!
No target in view!
You feel sick.
No target in view!
You feel sick.
No target in view!
A hobgoblin comes into view.
You feel sick.
You are no longer poisoned.
The hobgoblin shouts!
You see here 9 gold pieces.
An orc comes into view. It is wielding a +0 club.
The hobgoblin closely misses you.
You slash the hobgoblin!
You kill the hobgoblin!
You have reached level 3!
Your experience leads to an increase in your attributes!
Increase (S)trength, (I)ntelligence, or (D)exterity?
You feel stronger. x2
Found a stone staircase leading down.
You block the orc's attack.
You hit the orc.
The orc is moderately wounded.
The orc hits you with a +0 club.
* * * LOW HITPOINT WARNING * * *
You closely miss the orc.
The orc is lightly wounded.
The orc hits you with a +0 club.
* * * LOW HITPOINT WARNING * * *
You slash the orc!
You kill the orc!
No target in view!
No target in view!
You start resting.
There is a stone staircase leading down here.
You start resting.
HP restored.
You can't go up here!
You climb downwards.
You hear the sound of rushing water.
There is an entrance to a sewer on this level.
Hurry and find it before the portal rusts away!
There is a stone staircase leading up here.
A kobold comes into view. It is wielding a +0 whip.
The kobold shouts!
An orc comes into view. It is wielding a +0 falchion.
As you read the scroll labelled KIONU KUORCHU, it crumbles to dust.
It is a scroll of enchant armour.
Your +0 scale mail glows green for a moment.
The kobold closely misses you. You furiously retaliate!
You headbutt the kobold.
As you read the scroll labelled EMIGRAH ZIAPP, it crumbles to dust.
It is a scroll of identify.
i - a scroll of fear;
R - a scroll of identify The kobold hits you with a +0 whip.
As you read the scroll labelled GEMYAFOXKA, it crumbles to dust.
It is a scroll of amnesia.
You feel forgetful for a moment. The kobold barely misses you.
You furiously retaliate!
You headbutt the kobold. You barely miss the kobold.
The kobold is severely wounded.
You hit the orc. The orc completely misses you.
The kobold hits you with a +0 whip. You block the orc's attack.
The kobold hits you but does no damage.
You slash the kobold!
You kill the kobold!
You hit the orc.
You kill the orc!
No target in view!
No target in view!
No target in view!
A killer bee comes into view.
A killer bee comes into view.
The killer bee buzzes angrily.
You hear an angry buzzing noise.
The killer bee stings you but does no damage.
A killer bee comes into view.
The killer bee stings you.
You are poisoned.
The killer bee poisons you!
You hear a shout!
You feel sick.
It was a potion of magic.
Magic courses through your body.
You feel sick. The killer bee stings you!
* * * LOW HITPOINT WARNING * * *
You are more poisoned.
The killer bee poisons you!
The killer bee stings you but does no damage.
It was a potion of mutation.
You feel extremely strange.
You feel genetically stable.
You feel agile.
* * * LOW HITPOINT WARNING * * *
You feel sick. The killer bee stings you.
* * * LOW HITPOINT WARNING * * *
You block the killer bee's attack.
You feel very mighty all of a sudden.
* * * LOW HITPOINT WARNING * * *
You feel sick. The killer bee stings you.
You die...

#. ..# .# ..#
.. ..# .#..#
....# # #.
#...# .. #.
#yy.# #.#.##
##y#
#....###@##
#######....##
.........##
....#...#
###.#...#
#<.)..#
#...)......#
#.##..##.#.#
#.##.......


You could see 3 killer bees.

Vanquished Creatures
  An adder (D:3)
  2 orcs
  2 ball pythons
  3 bats
  5 endoplasms
  3 hobgoblins
  A quokka (D:1)
  A frilled lizard (D:2)
  A goblin (D:1)
  A kobold (D:4)
  A rat (D:1)
21 creatures vanquished.

Vanquished Creatures (others)
  4 toadstools (D:1)
4 creatures vanquished.

Grand Total: 25 creatures vanquished

Notes
Turn   | Place    | Note
-------+----------+-------------------------------------------
     0 | D:1      | Dani the Minotaur Fighter began the quest for the Orb.
     0 | D:1      | Reached XP level 1. HP: 19/19 MP: 0/0
   175 | D:1      | Reached XP level 2. HP: 27/27 MP: 1/1
   342 | D:3      | Reached skill level 3 in Axes
   349 | D:3      | Reached XP level 3. HP: 22/33 MP: 2/2
   519 | D:4      | Noticed a killer bee
   520 | D:4      | Noticed a killer bee
   520 | D:4      | Noticed a killer bee
   523 | D:4      | Gained mutation: You are somewhat resistant to further
                  | mutation. [potion of mutation]
   523 | D:4      | Gained mutation: You are agile. (Dex +2) [potion of
                  | mutation]
   523 | D:4      | HP: 7/33 [killer bee (4)]
   524 | D:4      | Slain by a killer bee

Illustrated notes

Levels and vault maps discovered:
D:1:      ldierk_walled_garden_2, layout_basic
D:2:      layout_rooms
D:3:      layout_basic, nzn_wu_jian_contemplation, uniq_terence
D:4:      layout_loops_ring, gup_sewer_entry_bowl

Skill      XL: |  1  2 |
---------------+-------+-----
Axes           | 3 |  3.0
Fighting       | |  3.8
Armour         | |  3.8
Dodging        | |  0.7
Shields        | |  3.8
Invocations    | |  0.6
Evocations     | |  0.7

Action                   || total
-------------------------++-------
Melee: War axe           ||    39
       Headbutt          ||     1
  Use: Scroll            ||     3
       Potion            ||     3
Armor: Scale mail        ||    18
Dodge: Dodged            ||    21
Block: Buckler           ||    14

Table legend: (Time is in decaauts)
 A = Elapsed time spent in this place.
 B = Non-inter-level travel time spent in this place.
 C = Inter-level travel time spent in this place.
 D = Time resting spent in this place.
 E = Time spent auto-exploring this place.
 F = Levels seen in this place.
 G = Mean time per level.
                   A        B        C        D        E       F      G
               +--------+--------+--------+--------+--------+-----+--------+
         Total |    539 |    536 |      3 |    144 |    218 |   4 |  134.8 |
       Dungeon |    539 |    536 |      3 |    144 |    218 |   4 |  134.8 |
               +--------+--------+--------+--------+--------+-----+--------+

Top non-repeatable levels by time:
     D:1: 255 daAuts
     D:3: 212 daAuts
     D:2: 54 daAuts
     D:4: 18 daAuts

Table legend:
 A = Kills in this place as a percentage of kills in entire the game.
 B = Kills by you in this place as a percentage of kills by you in the entire game.
 C = Kills by friends in this place as a percentage of kills by friends in the entire game.
 D = Other kills in this place as a percentage of other kills in the entire game.
 E = Experience gained in this place as a percentage of experience gained in the entire game.
 F = Experience gained in this place divided by the number of levels of this place that you have seen.
                   A       B       C       D       E      F
               +-------+-------+-------+-------+-------+----------------------
         Total | 100.0 | 100.0 |   N/A |   N/A | 100.0 |  12.0
       Dungeon | 100.0 | 100.0 |   N/A |   N/A | 100.0 |  12.0
               +-------+-------+-------+-------+-------+----------------------
